 Dungeon Crawl Stone Soup version 0.31.0-11-ge490571c62 (webtiles) character file.

Game seed: 12404052247709248995

22 qw the Shooter (level 2, 0/14 HPs)
             Began as a Spriggan Hunter on Feb 4, 2024.
             Succumbed to their own poison gas
             ... on level 2 of the Dungeon.
             The game lasted 00:00:02 (594 turns).

qw the Shooter (Spriggan Hunter)                     Turns: 594, Time: 00:00:02

Health: 0/14       AC:  2    Str:  4 (7)  XL:     2   Next: 68%
Magic:  3/3        EV: 18    Int:  9 (10) God:
Gold:   28         SH:  0    Dex: 16 (18) Spells: 1/1 levels left

rFire   . . .        a - +1 shortbow
rCold   . . .        (shield currently unavailable)
rNeg    . . .        c - +0 robe
rPois   .            (helmet restricted)
rElec   .            (no cloak)
rCorr   .            (gloves unavailable)
SInv    +            (boots unavailable)
Will    .....        (no amulet)
Stlth   ++           (no ring)
HPRegen 0.22/turn    (no ring)
MPRegen 0.08/turn

%: no passive effects
@: lethally poisoned (0 -> -6), very quick
A: very small, no large weapons, unfitting armour, see invisible, speed 3
a: no special abilities


You were on level 2 of the Dungeon.
You visited 1 branch of the dungeon, and saw 2 of its levels.

You collected 28 gold pieces.


Innate Abilities, Weirdness & Mutations

You are very small and have problems with some larger weapons.
You are too small for most types of armour.
You have supernaturally acute eyesight. (SInv)
You cover ground extremely quickly. (Speed+++)


   Skills:
 - Level 1.5 Fighting
 + Level 4.2 Ranged Weapons
 - Level 4.1 Dodging
 - Level 1.5 Stealth


You had one spell level left.
You didn't know any spells.
Your spell library was empty.

Inventory:

Hand Weapons
 a - a +1 shortbow (weapon)
Armour
 c - a +0 robe (worn)
Potions
 h - a potion of berserk rage {unknown}

Dungeon Overview and Level Annotations

Branches:
Dungeon (2/15)

Altars:


Message History

As you read the scroll labelled RUISIOLYDGH, it crumbles to dust.
It was a scroll of poison.
582 ||| READING scroll labelled VAENNU ASAI.
As you read the scroll labelled VAENNU ASAI, it crumbles to dust.
It is a scroll of enchant weapon.
582 ||| ENCHANTING +0 shortbow.
Your +0 shortbow glows red for a moment.
583 ||| READING scroll labelled EBUTIT NEAXOO.
As you read the scroll labelled EBUTIT NEAXOO, it crumbles to dust.
It is a scroll of identify.
583 ||| IDENTIFYING glowing grey potion;
e - a potion of curing
584 ||| DRINKING 3 emerald potions.
It was a potion of degeneration.
There was something very wrong with that liquid.
You feel weakened.
You feel dopey.
You feel clumsy.
585 ||| DROPPING scroll of butterflies.
You drop a scroll of butterflies.
586 ||| DROPPING 2 potions of degeneration.
You drop 2 potions of degeneration.
What level of the Dungeon? (default 1, ? - help) Sorry, I don't know how to get there.
You are engulfed in poison gas.
You are lethally poisoned!
You feel very sick.
588 ||| Stepping ~*~*~tactically~*~*~ (cloud).
You feel sick.
Things that are here:
2 potions of degeneration; a scroll of butterflies
589 ||| DRINKING potion of curing.
You feel better.
589 ||| (to cure poison)
You are engulfed in poison gas.
You are lethally poisoned!
You feel very sick.
591 ||| Stepping ~*~*~tactically~*~*~ (cloud).
You feel sick.
Things that are here:
2 potions of degeneration; a scroll of butterflies
There is a lethal amount of poison in your body!
You feel very sick.
There is a lethal amount of poison in your body!
You feel sick.
There is a lethal amount of poison in your body!
You die...

,,*#...........#
,,*#...........#########
,,*#.%.........#########
,,*#...........#########
,,*#...........#########
,,*#......¤....#########
,,*#......0¤0..#########
,,*#......¤0.¤¤##########
,,*#......00¤¤¤'@0000¤.0#
,,*#......¤.000##########
,<*#......¤00..#########
,,*########'############
,,* ##.############ ***
##.############ ****
##.############ ,,,*
##.############ ,,,* #.#


There were no monsters in sight!

Vanquished Creatures
  A dart slug (D:1)
  A bat (D:1)
  2 giant cockroaches (D:1)
  4 goblins (D:1)
  2 hobgoblins (D:1)
  3 ball pythons
  3 frilled lizards (D:1)
  2 kobolds (D:1)
  A rat (D:2)
19 creatures vanquished.

Notes
Turn   | Place    | Note
-------+----------+-------------------------------------------
     0 | D:1      | qw the Spriggan Hunter began the quest for the Orb.
     0 | D:1      | Reached XP level 1. HP: 10/10 MP: 2/2
     0 | D:1      | 0 ||| qw: Version: 0.3-a-160-g6735b56
     0 | D:1      | 0 ||| qw: Game counter: 4704
     0 | D:1      | 0 ||| qw: Melee chars always use a shield: true
     0 | D:1      | 0 ||| qw: God list: Okawaru
     0 | D:1      | 0 ||| qw: Allow faded altars: false
     0 | D:1      | 0 ||| qw: Do Orc after clearing Dungeon:15 true
     0 | D:1      | 0 ||| qw: Do second Lair branch before Depths: true
     0 | D:1      | 0 ||| qw: Lair rune preference: random
     0 | D:1      | 0 ||| qw: Goals: Normal
     0 | D:1      | 0 ||| PLANNING D:1-11
    81 | D:1      | 81 ||| DROPPING +4 sling.
   103 | D:1      | Reached skill level 3 in Dodging
   247 | D:1      | Reached XP level 2. HP: 14/14 MP: 3/3
   513 | D:1      | You fall into a shaft and drop 1 floor!
   579 | D:2      | 579 ||| READING scroll labelled PAUSMICSEDIH.
   580 | D:2      | 580 ||| READING scroll labelled SYSINU UNTIO.
   581 | D:2      | 581 ||| READING scroll labelled RUISIOLYDGH.
   582 | D:2      | 582 ||| READING scroll labelled VAENNU ASAI.
   582 | D:2      | 582 ||| ENCHANTING +0 shortbow.
   583 | D:2      | 583 ||| READING scroll labelled EBUTIT NEAXOO.
   583 | D:2      | 583 ||| IDENTIFYING glowing grey potion
   584 | D:2      | 584 ||| DRINKING 3 emerald potions.
   585 | D:2      | 585 ||| DROPPING scroll of butterflies.
   586 | D:2      | 586 ||| DROPPING 2 potions of degeneration.
   588 | D:2      | 588 ||| Stepping ~*~*~tactically~*~*~ (cloud).
   589 | D:2      | 589 ||| DRINKING potion of curing.
   589 | D:2      | 589 ||| (to cure poison)
   591 | D:2      | 591 ||| Stepping ~*~*~tactically~*~*~ (cloud).
   593 | D:2      | HP: 2/14 [poisoned by you (poison gas)]
   594 | D:2      | Succumbed to their own poison gas

Levels and vault maps discovered:
D:1:      ncdulo_wetmaze, layout_loops_corners, serial_shops,
          nicolae_shop_tiny_glass, minmay_misc_feat_roman,
          chequers_serial_rivers_room_a
D:2:      layout_basic, serial_shops, nicolae_shop_waterfront, shop

Skill      XL: |  1  2 |
---------------+-------+-----
Dodging        | 3 4 |  4.1
Fighting       | |  1.5
Ranged Weapons | |  4.2
Stealth        | |  1.5

Action                     || total
---------------------------++-------
   Fire: Shortbow          ||    48
    Use: Scroll            ||     5
         Potion            ||     2
 Armour: Robe              ||     6
  Dodge: Dodged            ||    16

Table legend:
 A = Non-vault XP
 B = Vault XP
 C = Vault XP percentage of total XP
 D = Non-vault monster count
 E = Vault monster count
 F = Vault count percentage of total count
                 A         B        C        D         E       F
            +---------+---------+-------+---------+---------+-------
      Total |      32 |       0 |   0.0 |      19 |       0 |   0.0
            +---------+---------+-------+---------+---------+-------
        D:1 |      28 |       0 |   0.0 |      16 |       0 |   0.0
        D:2 |       4 |       0 |   0.0 |       3 |       0 |   0.0
            +---------+---------+-------+---------+---------+-------
